 Dungeon Crawl Stone Soup version 0.19-a0-585-ge40200b (webtiles) character file.

47 shmeve the Chopper (level 3, 0/43 HPs)
             Began as a Vampire Berserker on June 10, 2016.
             Was a Believer of Trog.
             Slain by a gnoll
             ... wielding a cursed +0 spear
              (7 damage)
             ... on level 2 of the Dungeon.
             The game lasted 00:02:17 (819 turns).

shmeve the Chopper (Vampire Berserker)               Turns: 819, Time: 00:02:18

Health: 0/43       AC:  2    Str: 22    XL:     3   Next: 48%
Magic:  3/3        EV: 13    Int:  9    God:    Trog [**....]
Gold:   59         SH:  0    Dex: 13    Spells: 0 memorised, 2 levels left

rFire  . . .     SeeInvis +     a - +0 hand axe
rCold  . . .     Gourm    .     b - +0 animal skin
rNeg   . . .     Faith    .     (no shield)
rPois  .         Spirit   .     (no helmet)
rElec  .         Dismiss  .     (no cloak)
rCorr  .         Reflect  .     (no gloves)
SustAt .         Harm     .     (no boots)
MR     .....                    (no amulet)
Stlth  ..........               (no ring)
                                (no ring)

@: berserking (expiring), regenerating quickly, very quick, not resistant to
hostile enchantments, extremely unstealthy
A: fangs 3, see invisible, unbreathing
a: Berserk, Trog's Hand, Burn Spellbooks, Renounce Religion


You were on level 2 of the Dungeon.
You worshipped Trog.
Trog was pleased with you.
You were very full.

You visited 1 branch of the dungeon, and saw 2 of its levels.

You collected 59 gold pieces.

Inventory:

Hand Weapons
 a - a +0 hand axe (weapon)
Armour
 b - a +0 animal skin (worn)
Scrolls
 d - a scroll of recharging {unknown}
 f - a scroll of enchant armour {unknown}
 g - a scroll of magic mapping {unknown}
 h - a scroll of remove curse {unknown}
 i - a scroll of immolation {unknown}
Potions
 c - 8 potions of blood
 e - a potion of lignification {unknown}


   Skills:
 * Level 3.1 Fighting
 * Level 3.2 Axes
 - Level 1.5 Armour
 * Level 2.7 Dodging
 + Level 1.9 Stealth


You had 2 spell levels left.
You didn't know any spells.

Dungeon Overview and Level Annotations

Branches:
Dungeon (2/15)

Altars:


Innate Abilities, Weirdness & Mutations

Your natural rate of healing is unusually fast.
You have razor-sharp teeth.
You have supernaturally acute eyesight. (SInv)
You can survive without breathing.


Message History

You hit the hobgoblin.
You kill the hobgoblin!
Trog accepts your kill.
You slash the gnoll!
You kill the gnoll!
Trog accepts your kill.
You hit the bat.
You kill the bat!
Trog accepts your kill.
You barely miss the adder. You closely miss the gnoll.
The gnoll is moderately wounded.
The bat hits you but does no damage. The gnoll hits you with a spear.
* * * LOW HITPOINT WARNING * * *
The adder bites you.
* * * LOW HITPOINT WARNING * * *
The gnoll barely misses you. The bat closely misses you.
The bat hits you but does no damage. The gnoll barely misses you.
The gnoll hits you from afar with a spear!
You die...

#. ... ..# ### #.# #.#.#
..%# ..# #.(......(...#
..########.#.#.#.#....#
......................
...........#.#.#.#..
##.###### #....bgg###+#
.....# ###.#.#@#.....
.###.# #.....S†.$....#
.#...# #.#.#)#g#.....#
.#.#######.....sb>####..
......>..'.#.#(#.#....
.#########.........###
.# #...(.###.# #
#.#.......# #.#(..#####


You could see 3 gnolls, an adder, a giant cockroach and 2 bats.

Vanquished Creatures
  A gnoll (D:2)
  3 giant geckos (D:1)
  A giant cockroach (D:1)
  6 goblins
  3 hobgoblins
  3 bats
  10 giant newts
  5 kobolds (D:1)
  4 rats (D:1)
36 creatures vanquished.

Notes
Turn   | Place    | Note
--------------------------------------------------------------
     0 | D:1      | shmeve the Vampire Berserker began the quest for the Orb.
     0 | D:1      | Reached XP level 1. HP: 17/17 MP: 1/1
    76 | D:1      | Reached XP level 2. HP: 18/23 MP: 2/2
   217 | D:1      | Reached skill level 1 in Stealth
   385 | D:1      | Reached ** piety under Trog
   509 | D:1      | Reached XP level 3. HP: 29/29 MP: 3/3
   819 | D:2      | Slain by a gnoll

Vault maps used:
D:1:      saegor_arrival_simple_c, hex_medium, minmay_statues_item,
          minmay_lizard_king
D:2:      minitemple, hangedman_abyss_or_decor_stabs, st_stairs_12

Skill      XL: |  1  2 |
---------------+-------+-----
Stealth        | 1 |  1.9
Fighting       | 3 |  3.1
Axes           | 3 |  3.2
Armour         | |  1.5
Dodging        | |  2.7

Action                   || total
-------------------------++-------
Melee: Hand axe          ||    76
       Bite              ||     5
Invok: Berserk           ||     1
 Stab: Sleeping          ||     1
  Eat: Corpse            ||     8
Armor: Animal skin       ||    14
Dodge: Dodged            ||    83
